 Dungeon Crawl Stone Soup version 0.28.0-45-g0d030f2227 (webtiles) character file.

Game seed: 5299841623733994874

342 rageheart7 the Chopper (level 6, -12/61 HPs)
             Began as a Deep Dwarf Fighter on Apr 11, 2022.
             Mangled by an ogre
             ... wielding a +0 giant club
              (18 damage)
             ... on level 4 of the Dungeon.
             The game lasted 00:02:59 (2499 turns).

rageheart7 the Chopper (Deep Dwarf Fighter)         Turns: 2499, Time: 00:03:00

Health: -12/61     AC:  6    Str: 22    XL:     6   Next: 30%
Magic:  6/6        EV:  9    Int:  8    God:
Gold:   275        SH:  4    Dex: 12    Spells: 5/5 levels left

rFire   . . .      SeeInvis .   e - +4 hand axe
rCold   . . .      Faith    .   c - +0 buckler
rNeg    . . .      Spirit   .   b - +0 scale mail
rPois   .          Reflect  .   (no helmet)
rElec   .          Harm     +   i - scarf {harm}
rCorr   .          Rampage  .   (no gloves)
Will    +....                   (no boots)
Stlth   ..........              (no amulet)
HPRegen 0.00/turn               g - ring of willpower
MPRegen 0.10/turn               (no ring)

@: no status effects
A: damage resistance, heal wounds, sense surroundings 1, no regeneration
a: Heal Wounds


You were on level 4 of the Dungeon.
You visited 1 branch of the dungeon, and saw 4 of its levels.

You collected 275 gold pieces.

Inventory:

Hand Weapons
 a - a +0 war axe
 e - a +4 hand axe (weapon)
Armour
 b - a +0 scale mail (worn)
 c - a +0 buckler (worn)
 i - a scarf of harm (worn)
Jewellery
 g - a ring of willpower (left hand)
Scrolls
 f - a scroll of amnesia {unknown}
 k - a scroll of summoning {unknown}
 l - a scroll of identify {unknown}
Potions
 d - a potion of experience {unknown}
 h - a potion of curing {unknown}
 j - a potion of degeneration {unknown}
 m - a potion of haste {unknown}


   Skills:
 * Level 5.0 Fighting
 * Level 5.4 Axes
 - Level 3.2 Armour
 - Level 3.2 Shields


You had 5 spell levels left.
You didn't know any spells.
Your spell library contained the following spells:

 Spells                   Type           Power      Damage    Failure   Level
 Slow                     Hex            0%         N/A       83%         1
 Confusing Touch          Hex            0%         N/A       99%         3
 Vampiric Draining        Necr           0%         2d6       99%         3


Dungeon Overview and Level Annotations

Branches:
Dungeon (4/15)
 Temple: D:4-7

Altars:
Kikubaaqudgha


Innate Abilities, Weirdness & Mutations

You are resistant to damage.
You can heal yourself by infusing magical energy.
You passively map a small area around you.
You do not regenerate.


Message History

You closely miss the hound. The hound bites you but does no damage.
The centaur barely misses you. The centaur kicks you.
An ogre comes into view. It is wielding a +0 giant club.
The centaur closely misses you.
The centaur kicks you but does no damage.
The hound bites you.
You barely miss the centaur.
The centaur is almost dead.
You hit the hound.
The centaur hits you but does no damage.
The centaur barely misses you. The hound bites you but does no damage.
You hit the centaur.
The centaur is almost dead.
You hit the hound.
You kill the hound!
The centaur barely misses you.
The centaur kicks you but does no damage.
The centaur hits you.
The centaur kicks you but does no damage.
You have reached level 6!
You slash the centaur!
You kill the centaur!
The ogre barely misses you.
Your Fighting skill increases to level 5!
You slash the ogre!
The ogre is moderately wounded.
You hit the ogre.
The ogre is severely wounded.
The ogre closely misses you.
A giant cockroach comes into view.
A quokka comes into view.
You hit the ogre.
The ogre is severely wounded.
The ogre hits you with a +0 giant club!
* * * LOW HITPOINT WARNING * * *
You barely miss the ogre.
The ogre is severely wounded.
You hit the quokka. The quokka closely misses you.
A phantom comes into view.
The ogre hits you with a +0 giant club!
You die...

, , * # * #.*
,# *
#.###.#### .#
#........#
.###*
#......<.#
....,, *
#.###....###
#..#* ,
#......##†..#,
* #.##..#.#@[#
, * ..#
#....O.r# ,,
...
#.##.B.##W#*
#.. ..#
#...#,#.. * #.
#..*#.###. ..#
* ,... ..# #.,
## * * .. #..
*.. , * ,...
,, .. ,, , ###
* .##


You could see a phantom, an ogre, a quokka and a giant cockroach.

Vanquished Creatures
  Sigmund (D:3)
  A centaur (D:4)
  A hound (D:4)
  3 adders
  A worm (D:2)
  An orc (D:3)
  9 ball pythons
  8 bats
  5 endoplasms
  5 goblins
  5 hobgoblins
  A quokka (D:3)
  2 frilled lizards
  3 kobolds
  8 rats
54 creatures vanquished.

Vanquished Creatures (others)
  5 toadstools (D:2)
5 creatures vanquished.

Grand Total: 59 creatures vanquished

Notes
Turn   | Place    | Note
-------+----------+-------------------------------------------
     0 | D:1      | rageheart7 the Deep Dwarf Fighter began the quest for the
                  | Orb.
     0 | D:1      | Reached XP level 1. HP: 20/20 MP: 1/1
   185 | D:1      | Reached XP level 2. HP: 28/28 MP: 2/2
   932 | D:2      | Reached XP level 3. HP: 24/34 MP: 3/3
  1093 | D:2      | Found an ancient bone altar of Kikubaaqudgha.
  1781 | D:3      | Noticed Sigmund
  1793 | D:3      | Reached XP level 4. HP: 15/44 MP: 4/4
  1796 | D:3      | Killed Sigmund
  1797 | D:3      | Reached XP level 5. HP: 11/51 MP: 5/5
  1825 | D:3      | Found a faded altar of an unknown god.
  2485 | D:4      | Reached skill level 5 in Axes
  2487 | D:4      | Noticed a centaur
  2492 | D:4      | Noticed an ogre
  2495 | D:4      | Reached XP level 6. HP: 20/58 MP: 6/6
  2496 | D:4      | Reached skill level 5 in Fighting
  2499 | D:4      | Mangled by an ogre

Illustrated notes

Levels and vault maps discovered:
D:1:      nicolae_arrival_somewhat_less_tricky_arrival, layout_basic,
          serial_forest, infiniplex_forest_straight_2,
          infiniplex_forest_lined_2, infiniplex_forest_lined_2,
          infiniplex_forest_lined_corner, infiniplex_forest_lined_corner
D:2:      layout_loops_ring, serial_glass, glass_columns_a, glass_columns_c,
          basic_altar, chequers_serial_rivers_micro_d, grunt_ministairs_12,
          ebering_dispersal_statue_hall, serial_park_tiny_1,
          minmay_gold_behind_fungi
D:3:      minmay_evil_eye, layout_basic, basic_ecumenical_altar,
          bh_walls_and_bars, uniq_sigmund
D:4:      layout_loops_ring, minmay_vboxes

Skill      XL: |  1  2  3  4  5  6 |
---------------+-------------------+-----
Fighting       | 3 4 5 |  5.0
Axes           | 3 4 5 |  5.4
Armour         | |  3.2
Shields        | |  3.2

Action                   |  1- 3 |  4- 6 || total
-------------------------+-------+-------++-------
Melee: War axe           |   105 |     7 ||   112
       Hand axe          |       |    30 ||    30
 Abil: Heal Wounds       |       |     1 ||     1
  Use: Potion            |     2 |       ||     2
Armor: Scale mail        |    52 |    16 ||    68
Dodge: Dodged            |    47 |    19 ||    66
Block: Buckler           |    23 |     8 ||    31
